 Dungeon Crawl Stone Soup version 0.30-a0-627-gc11e7ae810 (webtiles) character file.

Game seed: 12981110626655450661

325 BaabKaare the Ruffian (level 6, -5/47 HPs)
             Began as a Draconian Transmuter on Jan 12, 2023.
             Was an Initiate of Gozag.
             Killed by divine providence
             ... invoked by an orc priest
              (11 damage)
             ... on level 5 of the Dungeon.
             The game lasted 00:09:43 (3559 turns).

BaabKaare the Ruffian (Draconian Transmuter)        Turns: 3559, Time: 00:09:44

Health: -5/47      AC:  2    Str: 14    XL:     6   Next: 24%
Magic:  7/11       EV: 20    Int: 14    God:    Gozag
Gold:   242        SH:  0    Dex: 19    Spells: 6/12 levels left

rFire   + . .      SeeInvis .      - Unarmed
rCold   . . .      Faith    .    (shield currently unavailable)
rNeg    . . .      Spirit   .    (body armour unavailable)
rPois   .          Reflect  .    (helmet currently unavailable)
rElec   .          Harm     .    (cloak currently unavailable)
rCorr   .          Rampage  .    (gloves currently unavailable)
Will    .....                    (boots currently unavailable)
Stlth   ++                       (no amulet)
HPRegen 0.27/turn                d - ring "Tequjoub" {rPois rF+ Dex+3}
MPRegen 0.12/turn                (no ring)

@: spider-form (expiring), gold aura
A: venomous fangs, AC +6, tiny, unfitting armour, (cold-blooded)
a: End Transformation, Renounce Religion, Potion Petition, Call Merchant, Bribe
Branch


You were on level 5 of the Dungeon.
You worshipped Gozag.
Gozag was aware of your devotion.
You were a venomous arachnid creature.
You visited 1 branch of the dungeon, and saw 5 of its levels.

You collected 273 gold pieces.
You paid 31 gold pieces to Gozag.

Inventory:

Armour
 k - a scarf of invisibility (melded)
Jewellery
 d - the ring "Tequjoub" (left front pincers) {rPois rF+ Dex+3}
   (You found it on level 5 of the Dungeon)

   [ring of protection from fire]

   Dex:       It affects your dexterity (+3).
   rF:        It protects you from fire.
   rPois:     It protects you from poison.
Wands
 A - a wand of flame (13)
Scrolls
 e - a scroll of immolation {unknown}
 g - a scroll of enchant armour {unknown}
 j - 6 scrolls of teleportation
 l - a scroll of magic mapping {unknown}
 m - a scroll of enchant weapon {unknown}
 o - a scroll of blinking {unknown}
 q - a scroll of poison {unknown}
 s - a scroll of vulnerability {unknown}
 t - a scroll of silence {unknown}
 w - a scroll of brand weapon {unknown}
 x - a scroll of amnesia {unknown}
 y - a scroll of torment {unknown}
Potions
 a - a potion of lignification
 b - 2 potions of haste
 c - 2 potions of invisibility
 f - 2 potions of might
 n - 2 potions of brilliance
 p - a potion of degeneration {unknown}
 r - a potion of magic {unknown}
 u - 2 potions of curing {unknown}
 v - a potion of attraction {unknown}
 z - 2 potions of flight {unknown}


   Skills:
 + Level 1.5 Fighting
 + Level 2.6 Dodging
 + Level 0.5 Stealth
 + Level 4.5 Unarmed Combat
 + Level 3.6 Spellcasting
 + Level 3.2 Transmutations
 + Level 1.4 Poison Magic


You had 6 spell levels left.
You knew the following spells:

 Your Spells              Type           Power      Damage    Failure   Level
a - Beastly Appendage     Tmut           22%        N/A       16%         1
b - Wereblood             Tmut           11%        N/A       21%         2
c - Spider Form           Tmut/Pois      9%         N/A       43%         3

Your spell library contained the following spells:

 Spells                   Type           Power      Damage    Failure   Level
 Inner Flame              Hex/Fire       2%         N/A       73%         3
 Ice Form                 Ice/Tmut       7%         N/A       87%         4
 Cause Fear               Hex            1%         N/A       97%         4
 Discord                  Hex            1%         N/A       100%        8


Dungeon Overview and Level Annotations

Branches:
Dungeon (5/15)
 Temple: D:4-7

Altars:
Gozag

Shops:
D:1 (

Annotations:
D:5 Grinder


Innate Abilities, Weirdness & Mutations

You are a venomous arachnid creature.
You have venomous fangs.
You are tiny and dextrous.
Your spellcasting is less reliable in this form.
Your armour is entirely melded.
You are incapable of wielding weapons or throwing items.
((Your plain brown scales are hard. (AC +6)))
You cannot fit into any form of body armour.
((You are cold-blooded and may be slowed by cold attacks.))


Message History

The orc priest is healed somewhat.
The orc priest looks encouraged for a moment.
The orc barely misses you.
Casting: Spider Form (dangerous; 22% risk of failure)
Confirm with . or Enter, or press ? or * to list all spells.
You turn into a venomous arachnid creature.
Your scarf of invisibility melds into your body.
The orc barely misses you.
The orc priest invokes the aid of Beogh against you.
Beogh smites you!
Grinder says, "Wait up."
You barely miss the orc priest.
The orc priest is moderately wounded.
The orc hits you with a +0 flail.
The orc priest calls upon Beogh to heal the orc priest.
The orc priest is healed somewhat.
The orc priest closely misses you.
You hit the orc priest but do no damage.
The orc priest looks even sicker.
The orc priest is lightly wounded.
The iguana is no longer distracted by gold.
The orc priest barely misses you. The orc hits you with a +0 flail.
* * * LOW HITPOINT WARNING * * *
Grinder says, "Don't move a muscle."
You hit the orc priest.
The orc priest looks as sick as possible!
The orc priest is heavily wounded.
Grinder blinks!
The orc priest hits you with a +0 mace.
* * * LOW HITPOINT WARNING * * *
The orc misses you.
You barely miss the orc priest.
The orc priest is severely wounded.
You hear the rusting of a very distant drain.
Your transformation is almost over.
You kill the orc priest!
The orc hits you with a +0 flail.
* * * LOW HITPOINT WARNING * * *
The orc priest calls down the wrath of Beogh upon you.
Beogh smites you!
You die...
Your body crumbles into a pile of gold.

..# . #...## .. .l..#
# ...# #...## .#
.....## #....# #.###
.....lo####....##....
.....o$s$..........#
#..#####...........#
###.........#
###....<..# ###.....#
$ # ##.....#
..#......#
..........#
...#.....##


You could see an iguana, an orc priest and an orc.

Vanquished Creatures
  A black bear (D:4)
  A scorpion (D:5)
  An orc priest (D:5)
  An iguana (D:5)
  8 adders
  6 dart slugs
  5 orcs
  7 endoplasms
  2 giant cockroaches
  5 goblins
  4 hobgoblins
  2 jackals (D:3)
  9 kobolds
  3 quokkas
  4 ball pythons
  4 bats
  2 frilled lizards
  3 rats
68 creatures vanquished.

Notes
Turn   | Place    | Note
-------+----------+-------------------------------------------
     0 | D:1      | BaabKaare the Draconian Transmuter began the quest for the
                  | Orb.
     0 | D:1      | Reached XP level 1. HP: 16/16 MP: 3/3
   157 | D:1      | Reached XP level 2. HP: 18/23 MP: 3/5
   160 | D:1      | Learned a level 2 spell: Wereblood
   204 | D:1      | Found a faded altar of an unknown god.
   623 | D:1      | Found Aranlodi's Weapon Boutique.
   871 | D:2      | Reached XP level 3. HP: 18/28 MP: 4/6
  1656 | D:2      | Reached XP level 4. HP: 35/35 MP: 6/8
  1660 | D:2      | Learned a level 3 spell: Spider Form
  2119 | D:3      | Found an opulent altar of Gozag.
  2127 | D:3      | Became a worshipper of Gozag Ym Sagoz the Greedy
  2670 | D:4      | Noticed a black bear
  2684 | D:4      | Reached XP level 5. HP: 32/40 MP: 6/9
  2690 | D:4      | Killed a black bear
  2691 | D:4      | Reached skill level 4 in Unarmed Combat
  3236 | D:4      | Reached skill level 1 in Poison Magic
  3305 | D:5      | Entered Level 5 of the Dungeon
  3309 | D:5      | Identified the ring "Tequjoub" {rPois rF+ Dex+3}
  3506 | D:5      | Reached XP level 6. HP: 41/47 MP: 7/11
  3545 | D:5      | Noticed Grinder
  3559 | D:5      | Killed from afar by an orc priest

Illustrated notes

Levels and vault maps discovered:
D:1:      amcnicky_arrival_double_pillar, layout_basic, serial_shops,
          nicolae_diamond_shop, ebering_ecumenical_altar_sacrificial,
          minmay_tall_x
D:2:      layout_loops_ring
D:3:      minmay_inner_zag, layout_basic, mainiacjoe_overflow_paths
D:4:      layout_rooms, old_standard_altar, kennysheep_vampire_church,
          kennysheep_slug_shrine
D:5:      layout_layer_cave, minmay_temple_entry_statues,
          lightli_sewer_entry_pipes, kennysheep_flooded_box,
          ebering_dispersal_statue_hall, kennysheep_generic_room_10,
          uniq_grinder

Skill      XL: |  1  2  3  4  5 |
---------------+----------------+-----
Dodging        | 2 |  2.6
Spellcasting   | 3 |  3.6
Unarmed Combat | 4 |  4.5
Transmutations | 3 |  3.2
Poison Magic   | 1 |  1.4
Fighting       | |  1.5
Stealth        | |  0.5

Action                   |  1- 3 |  4- 6 || total
-------------------------+-------+-------++-------
Melee: Unarmed           |    91 |    86 ||   177
       Kick              |    15 |     4 ||    19
       Headbutt          |    15 |     2 ||    17
       Tailslap          |     8 |     3 ||    11
       Punch             |     1 |     1 ||     2
 Cast: Beastly Appendage |    21 |     3 ||    24
       Wereblood         |     2 |       ||     2
       Spider Form       |       |    18 ||    18
  Use: Scroll            |       |     5 ||     5
       Potion            |       |     2 ||     2
 Stab: Sleeping          |       |     1 ||     1
Armor: Skin              |    19 |    16 ||    35
Dodge: Dodged            |    65 |    86 ||   151

Table legend: (Time is in decaauts)
 A = Elapsed time spent in this place.
 B = Non-inter-level travel time spent in this place.
 C = Inter-level travel time spent in this place.
 D = Time resting spent in this place.
 E = Time spent auto-exploring this place.
 F = Levels seen in this place.
 G = Mean time per level.
                   A        B        C        D        E       F      G
               +--------+--------+--------+--------+--------+-----+--------+
         Total |   3551 |   3467 |     84 |    918 |   1590 |   5 |  710.2 |
       Dungeon |   3551 |   3467 |     84 |    918 |   1590 |   5 |  710.2 |
               +--------+--------+--------+--------+--------+-----+--------+

Top non-repeatable levels by time:
     D:3: 1230 daAuts
     D:2: 1123 daAuts
     D:1: 777 daAuts
     D:5: 252 daAuts
     D:4: 167 daAuts
